 Dungeon Crawl Stone Soup version 0.28.0-49-g6dfe1f597d (webtiles) character file.

Game seed: 373176188941626070

2709 Zeld the Frost Mage (level 9, -23/79 HPs)
             Began as a Ghoul Ice Elementalist on May 17, 2022.
             Was a Follower of Sif Muna.
             Killed from afar by Maggie (33 damage)
             ... with a bolt of fire
             ... on level 7 of the Dungeon.
             The game lasted 00:12:53 (9113 turns).

Zeld the Frost Mage (Ghoul Ice Elementalist)        Turns: 9113, Time: 00:12:54

Health: -23/79     AC: 15    Str: 12    XL:     9   Next: 66%
Magic:  25/25      EV: 12    Int: 18    God:    Sif Muna [*.....]
Gold:   1096       SH:  0    Dex: 14    Spells: 8/19 levels left

rFire   . . .      SeeInvis .   a - +5 dagger
rCold   + . .      Faith    .   (no shield)
rNeg    + + +      Spirit   .   B - +3 ring mail "Bopuaxi" {rPois Dex+5}
rPois   ∞          Reflect  .   c - +0 helmet
rElec   .          Harm     .   i - +0 cloak
rCorr   .          Rampage  .   t - +1 pair of gloves of the Frog {Regen+ Int+4}
Will    .....                   e - +2 pair of boots
Stlth   ++........              w - amulet of magic regeneration
HPRegen 0.00/turn               A - ring of magical power
MPRegen 0.59/turn               (no ring)

@: weak-willed, marked, mesmerised, inhibited regen
A: claws 1, cold resistance 1, negative energy resistance 3, inhibited
regeneration, torment resistance 2
a: Renounce Religion, Channel Magic


You were on level 7 of the Dungeon.
You worshipped Sif Muna.
Sif Muna was aware of your devotion.
You visited 2 branches of the dungeon, and saw 8 of its levels.

You collected 1384 gold pieces.
You spent 288 gold pieces at shops.

Inventory:

Hand Weapons
 a - a +5 dagger (weapon)
 b - a +1 whip of venom
Armour
 c - a +0 helmet (worn)
 e - a +2 pair of boots (worn)
 i - a +0 cloak (worn)
 t - the +1 pair of gloves of the Frog (worn) {Regen+ Int+4}
   (You found it on level 7 of the Dungeon)

   Int:       It affects your intelligence (+4).
   Regen:     It increases your rate of health regeneration.
 B - the +3 ring mail "Bopuaxi" (worn) {rPois Dex+5}
   (You bought it in a shop on level 6 of the Dungeon)

   Dex:       It affects your dexterity (+5).
   rPois:     It protects you from poison.
Jewellery
 w - an amulet of magic regeneration (around neck)
 z - an amulet of reflection
 A - a ring of magical power (left hand)
Wands
 q - a wand of flame (11)
 y - a wand of digging (6)
Scrolls
 d - 2 scrolls of enchant weapon {unknown}
 g - 2 scrolls of torment {unknown}
 j - a scroll of amnesia {unknown}
 l - 7 scrolls of identify {unknown}
 m - 2 scrolls of immolation {unknown}
 p - a scroll of brand weapon {unknown}
 s - 4 scrolls of teleportation {unknown}
 u - 3 scrolls of fear {unknown}
Potions
 f - 2 potions of curing {unknown}
 h - a potion of haste {unknown}
 k - a potion of lignification {unknown}
 n - 2 potions of attraction {unknown}
 o - a potion of degeneration {unknown}
 r - a potion of might {unknown}


   Skills:
 * Level 7.0 Fighting
 + Level 4.3 Dodging
 + Level 5.7 Stealth
 * Level 5.6 Spellcasting
 * Level 8.4 Ice Magic


You had 8 spell levels left.
You knew the following spells:

 Your Spells              Type           Power      Damage    Failure   Level
a - Freeze                Ice            100%       1d11      1%          1
b - Frozen Ramparts       Ice            70%        1d9       2%          3
c - Ozocubu's Armour      Ice            35%        N/A       2%          3
d - Hailstorm             Conj/Ice       20%        3d6       45%         4

Your spell library contained the following spells:

 Spells                   Type           Power      Damage    Failure   Level
 Slow                     Hex            20%        N/A       28%         1
 Blink                    Tloc           10%        N/A       41%         2
 Corpse Rot               Necr/Air       10%        N/A       41%         2
 Confusing Touch          Hex            5%         N/A       65%         3
 Conjure Flame            Conj/Fire      5%         6-21      65%         3
 Ignite Poison            Fire/Tmut/Pois 5%         N/A       65%         3
 Summon Guardian Golem    Hex/Summ       5%         N/A       65%         3
 Vampiric Draining        Necr           5%         2d6       65%         3
 Dispel Undead            Necr           5%         3d7       96%         4
 Sticky Flame             Conj/Fire      5%         2d3       96%         4
 Manifold Assault         Tloc           5%         N/A       100%        5
 Death Channel            Necr           2%         N/A       100%        6
 Orb of Destruction       Conj           2%         9d5       100%        7
 Spellforged Servitor     Conj/Summ      2%         N/A       100%        7
 Storm Form               Tmut/Air       Unusable   N/A       N/A         7

Dungeon Overview and Level Annotations

Branches:
Dungeon (7/15)             Temple (1/1) D:4

Altars:
Ashenzari
Cheibriados
Dithmenos
Elyvilon
Fedhas
Gozag
Kikubaaqudgha
Makhleb
Nemelex Xobeh
Okawaru
Qazlal
Ru
Sif Muna
Trog
Uskayaw
Vehumet
Wu Jian
Xom
Yredelemnul
Zin
The Shining One

Shops:
D:6 [

Annotations:
D:7 2 transporters, exclusion: phantom, Maggie; Wentworth's ghost, novice DsGl


Innate Abilities, Weirdness & Mutations

You thrive by killing the living.
You are immune to poison.
You have sharp fingernails.
Your flesh is cold resistant. (rC+)
You are immune to negative energy. (rN+++)
You do not regenerate when monsters are visible.
You are immune to unholy pain and torment.


Message History

Something appears at your feet!
The killer bee zombie hits you but does no damage.
The centaur skeleton hits you. The centaur skeleton misses you.
The killer bee zombie barely misses you.
Unknown command.
You now have 1096 gold pieces (gained 982).
The killer bee zombie hits you but does no damage.
The centaur skeleton hits you but does no damage.
The centaur skeleton barely misses you. Maggie hits you but does no damage.
The killer bee zombie barely misses you.
Unknown command.
As you read the scroll labelled KAUREP MAVAGUY, it crumbles to dust.
You speak a Word of immense power!
The centaur skeleton convulses!
You destroy the centaur skeleton!
Sif Muna accepts your kill.
The killer bee zombie convulses!
You destroy the killer bee zombie!
Sif Muna accepts your kill.
You are blasted by holy energy!
* * * LOW HITPOINT WARNING * * *
It was a scroll of holy word.
A centaur skeleton comes into view.
Maggie hits you from afar with a +0 glaive.
* * * LOW HITPOINT WARNING * * *
The centaur skeleton moves out of view.
An orc comes into view. It is wielding a +0 flail.
As you read the scroll labelled QOSHUASUTUX, it crumbles to dust.
Magic quickly surges around you.
It was a scroll of vulnerability.
Maggie gestures wildly while chanting.
Maggie attempts to bespell you!
You are mesmerised by Maggie!
As you read the scroll labelled VEOFFI RUP, it crumbles to dust.
The scroll dissolves into smoke.
It was a scroll of fog.
Maggie hits you from afar with a +0 glaive.
* * * LOW HITPOINT WARNING * * *
Unknown command.
An orc wizard comes into view. It is wielding a +0 dagger.
Maggie gestures at you while chanting. The bolt of fire hits you!!
You die...

##...##...
#.oZ....#
#.#....##
##.#.......
#o.#..._..#
#o##.._8_...
#@##.......#
###§#
)......
#§@§#
.#..###
#§o### #§§
.". .### #


You could see Maggie (mesmerising, weak-willed) and an orc wizard.

Vanquished Creatures
  Sigmund (D:4)
  A wyvern (D:4)
  Menkaure (D:5)
  A black bear (D:6)
  A hornet zombie (D:6)
  An ice beast (D:7)
  A sky beast (D:6)
  A necrophage (D:5)
  2 ogres
  A centaur (D:7)
  A phantom (D:5)
  2 bullfrogs
  2 scorpions
  A water moccasin zombie (D:6)
  A water moccasin skeleton (D:5)
  3 killer bees (D:5)
  4 hounds
  2 centaur zombies
  2 centaur skeletons (D:7)
  3 jellies
  A gnoll shaman (D:7)
  3 bullfrog skeletons
  Jessica (D:3)
  A scorpion zombie (D:5)
  2 iguanas
  An orc wizard (D:6)
  A killer bee zombie (D:7)
  7 gnolls
  4 adders
  2 white imps
  An ufetubus (D:6)
  3 worms
  A dart slug (D:3)
  9 orcs
  2 bats
  5 endoplasms
  2 giant cockroaches
  5 hobgoblins
  2 quokkas
  4 ball pythons
  3 frilled lizards
  5 goblins
  4 kobolds
  5 rats
106 creatures vanquished.

Notes
Turn   | Place    | Note
-------+----------+-------------------------------------------
     0 | D:1      | Zeld the Ghoul Ice Elementalist began the quest for the
                  | Orb.
     0 | D:1      | Reached XP level 1. HP: 14/14 MP: 2/2
   555 | D:1      | Reached XP level 2. HP: 20/22 MP: 0/3
  1173 | D:2      | Noticed an ogre
  1361 | D:2      | Reached skill level 1 in Fighting
  1605 | D:2      | Reached XP level 3. HP: 28/28 MP: 5/5
  1609 | D:2      | Learned a level 3 spell: Frozen Ramparts
  2609 | D:3      | Noticed a bullfrog
  2626 | D:3      | Killed a bullfrog
  2627 | D:3      | Reached skill level 5 in Ice Magic
  2627 | D:3      | Reached XP level 4. HP: 20/36 MP: 0/6
  2763 | D:3      | Learned a level 3 spell: Ozocubu's Armour
  2918 | D:3      | Noticed Jessica
  2924 | D:3      | Reached XP level 5. HP: 41/41 MP: 3/7
  2926 | D:3      | Killed Jessica
  3348 | D:3      | Found a faded altar of an unknown god.
  3698 | D:4      | Found a staircase to the Ecumenical Temple.
  3729 | Temple   | Entered the Ecumenical Temple
  3816 | Temple   | Became a worshipper of Sif Muna the Loreminder
  4086 | D:4      | Reached XP level 6. HP: 35/51 MP: 9/9
  4522 | D:4      | Noticed Sigmund
  4555 | D:4      | Killed Sigmund
  4556 | D:4      | Reached XP level 7. HP: 19/58 MP: 2/11
  4950 | D:4      | Noticed a wyvern
  4958 | D:4      | Killed a wyvern
  4959 | D:4      | Reached skill level 6 in Ice Magic
  5183 | D:5      | Entered Level 5 of the Dungeon
  5817 | D:5      | Reached XP level 8. HP: 55/67 MP: 12/12
  6009 | D:5      | Noticed Menkaure
  6234 | D:5      | Reached skill level 5 in Fighting
  6318 | D:5      | Killed Menkaure
  6411 | D:5      | Reached skill level 7 in Ice Magic
  7244 | D:6      | Reached * piety under Sif Muna
  7310 | D:6      | Reached skill level 5 in Stealth
  7392 | D:6      | Reached XP level 9. HP: 62/75 MP: 10/15
  7397 | D:6      | Learned a level 4 spell: Hailstorm
  7519 | D:6      | Reached skill level 5 in Spellcasting
  7818 | D:6      | Found Ohosatu's Antique Armour Boutique.
  7832 | D:6      | Bought a scorched ring mail for 288 gold pieces
  7832 | D:6      | Identified the +3 ring mail "Bopuaxi" {rPois Dex+5} (You
                  | bought it in a shop on level 6 of the Dungeon)
  8632 | D:6      | Reached skill level 8 in Ice Magic
  8787 | D:7      | Noticed Maggie
  9005 | D:7      | Found a transporter.
  9011 | D:7      | Noticed a cyclops
  9015 | D:7      | Noticed Wentworth's ghost (novice DsGl)
  9028 | D:7      | Identified the +1 pair of gloves of the Frog {Regen+ Int+4}
  9051 | D:7      | Found a transporter.
  9084 | D:7      | Found an ornate altar of the Wu Jian Council.
  9085 | D:7      | Found a bloodstained altar of Trog.
  9085 | D:7      | Found a snail-covered altar of Cheibriados.
  9108 | D:7      | Identified a scroll of acquirement
  9108 | D:7      | Acquired 982 gold pieces
  9113 | D:7      | Killed from afar by Maggie

Illustrated notes

Levels and vault maps discovered:
D:1:      lightli_arrival_statue_moat, layout_loops_corners, feat_on_display
D:2:      layout_basic, moated_statue
D:3:      layout_basic, ebering_ecumenical_altar_box, minmay_pentomino_pile,
          uniq_jessica
D:4:      layout_loops_corners, minmay_temple_entry_offerings,
          chequers_serial_rivers_micro_e, chequers_serial_rivers_micro_e,
          uniq_sigmund
D:5:      layout_basic, uniq_menkaure
D:6:      layout_basic, serial_shops, nicolae_shop_advertising_works
          [nicolae_subvault_shop_adworks]
D:7:      layout_rooms, nicolae_hepliaklqana_hazy_memory,
          chequers_temple_overflow_statue_of_worship, nzn_ghost_randoct,
          serial_corexii_hall, corexii_hall_statues_i, corexii_hall_statues_s,
          uniq_maggie
Temple:   mainiacjoe_temple_coin_purse

Skill      XL: |  1  2  3  4  5  6  7  8  9 |
---------------+----------------------------+-----
Spellcasting   | 2 3 4 5 |  5.6
Fighting       | 1 2 3 4 6 7 |  7.0
Dodging        | 2 3 4 |  4.3
Stealth        | 3 4 5 |  5.7
Ice Magic      | 5 6 7 8 |  8.4

Action                   |  1- 3 |  4- 6 |  7- 9 || total
-------------------------+-------+-------+-------++-------
Melee: Unarmed           |    38 |    31 |    13 ||    82
       Punch             |     2 |     2 |     3 ||     7
       Dagger            |       |       |   224 ||   224
       Whip              |       |       |    61 ||    61
 Cast: Freeze            |    46 |    26 |    37 ||   109
       Frozen Ramparts   |     2 |     7 |    11 ||    20
       Ozocubu's Armour  |       |     1 |     3 ||     4
  Use: Scroll            |       |       |     4 ||     4
 Stab: Sleeping          |     2 |       |     5 ||     7
       Distracted        |       |       |     1 ||     1
Armor: Robe              |    18 |    30 |    71 ||   119
       Ring mail         |       |       |   112 ||   112
Dodge: Dodged            |    40 |    46 |   210 ||   296
